Map: Lightshade LE

Players

A.I. 1 (Very Easy)

  • Race: Terran Terran

Eleven - Winner!

  • Race: Zerg Zerg
  • League: Diamond

VOD

Have the link to the VOD?

Description

Goal is to hit as +1 and Roach speed finish. Take a 3rd behind your attack

Time

  • Played on: April 16, 2021, 10:02 a.m.
  • Length: 6:30
Show
View Real Time Build Order
Export as new Build Order

A.I. 1 (Very Easy) Terran 

Build Orders: Reaper Expand 

Get SALT Encoding   

  12  0:00  SCV  
  13  0:13  SCV  
  14  0:18  Supply Depot  
  14  0:42  Barracks  
  14  1:02  Command Center  
  14  1:30  Orbital Command, Supply Depot  
  14  1:31  Marine  
  15  1:35  Refinery  
  15  1:48  Refinery  
  15  1:55  SCV  
  16  2:07  SCV  
  17  2:14  SCV  
  17  2:15  Reaper  
  19  2:21  SCV  
  20  2:28  SCV  
  21  2:35  SCV  
  22  2:43  SCV  
  23  2:50  SCV  
  24  2:57  SCV  
  25  3:02  Marine  
  25  3:04  SCV, Refinery  
  27  3:11  SCV  
  28  3:18  SCV  
  28  3:19  Factory  
  29  3:42  Refinery  
  29  3:44  SCV  
  30  3:49  Marine  
  30  3:51  SCV  
  32  3:57  Supply Depot  
  32  3:59  SCV  
  33  4:04  Starport  
  33  4:06  SCV  
  33  4:08  Barracks Tech Lab  
  34  4:13  SCV  
  35  4:20  SCV  
  36  4:27  SCV  
  36  4:31  Supply Depot  
  37  4:35  SCV  
  37  4:37  Marauder  
  40  4:42  SCV, Starport Tech Lab  
  41  4:49  SCV  
  42  4:56  SCV  
  43  5:00  Raven  
  43  5:03  SCV  
  46  5:10  SCV  
  44  5:17  Hellion, SCV  
  44  5:19  Supply Depot  
  43  5:25  SCV  
  38  5:32  SCV  
  34  5:39  SCV  
  30  5:42  Raven  
  30  5:45  Marauder  
  30  5:47  SCV  
  29  5:54  SCV  
  19  6:08  SCV  
Show
View Real Time Build Order
Export as new Build Order

Eleven Zerg - Winner!

Build Orders: Hatch First 

Get SALT Encoding   

  12  0:01  Drone  
  13  0:12  Overlord  
  13  0:16  Drone  
  14  0:31  Drone x2  
  16  0:49  Hatchery  
  15  0:52  Drone  
  15  0:56  Drone  
  17  1:00  Drone  
  18  1:11  Extractor  
  17  1:17  Spawning Pool  
  16  1:19  Drone  
  16  1:22  Drone  
  18  1:28  Drone  
  20  1:40  Drone  
  20  1:50  Overlord  
  20  2:03  Queen x2  
  20  2:05  Zergling x4  
  26  2:11  Drone  
  26  2:12  Drone  
  28  2:22  Drone  
  29  2:27  Drone  
  30  2:34  Drone  
  30  2:35  Drone  
  32  2:44  Overlord  
  32  2:45  Lair  
  32  2:50  Drone  
  33  2:52  Evolution Chamber  
  33  2:55  Drone x2  
  34  3:02  Roach Warren  
  34  3:05  Drone  
  34  3:06  Drone  
  34  3:07  Evolution Chamber  
  34  3:14  Drone x4  
  34  3:19  Drone x3  
  41  3:24  Zerg Missile Weapons Level 1  
  41  3:26  Overlord  
  41  3:31  Drone x2  
  43  3:35  Extractor  
  43  3:36  Extractor  
  43  3:39  Overlord  
  41  3:42  Glial Reconstitution  
  41  3:45  Drone  
  42  3:51  Drone x2  
  42  3:53  Drone x2  
  42  3:54  Overlord  
  46  3:56  Overlord  
  46  4:04  Roach  
  46  4:05  Roach  
  46  4:08  Roach  
  52  4:16  Roach  
  54  4:19  Roach x3  
  54  4:20  Roach  
  62  4:29  Roach  
  62  4:30  Roach  
  66  4:33  Roach x3  
  72  4:39  Roach  
  74  4:46  Roach  
  76  4:53  Overlord  
  76  4:58  Overlord x2  
  76  5:03  Hatchery  
  75  5:08  Drone  
  74  5:23  Roach x5  
  84  5:31  Drone x3  
  84  5:33  Extractor  
  86  5:55  Drone x6  
  92  6:00  Drone  
  92  6:01  Drone x5  
Tags
 
Add a new tag
Caveats
  • Supply blocks, unpowered buildings, or Contaminate may cause inaccurate times.
  • Supply counts are checked every 10 seconds.